Map: Eternal Empire LE

Players

Trizztein

  • Race: Zerg Zerg
  • League: Diamond
  • Spawn Location: 7:00

Psykkoz - Winner!

  • Race: Protoss Protoss
  • League: Diamond
  • Spawn Location: 1:00

VOD

Have the link to the VOD?

Description

Time

  • Played on: Dec. 15, 2019, 8:59 p.m.
  • Length: 9:53
Show
View Real Time Build Order
Export as new Build Order

Trizztein Zerg 

Build Orders: Hatch First 

Get SALT Encoding   

  12  0:01  Drone  
  13  0:12  Overlord  
  13  0:17  Drone  
  14  0:31  Drone x2  
  16  0:49  Hatchery  
  15  0:55  Drone  
  15  0:56  Drone  
  17  0:59  Drone  
  18  1:08  Extractor  
  17  1:16  Spawning Pool  
  16  1:19  Drone  
  16  1:22  Drone  
  18  1:28  Drone  
  19  1:40  Drone  
  20  1:52  Drone  
  21  2:00  Overlord  
  21  2:03  Queen x2  
  21  2:04  Zergling x2  
  26  2:13  Metabolic Boost  
  26  2:19  Drone x2  
  28  2:46  Zergling x4  
  30  2:54  Queen  
  30  2:56  Drone x2  
  30  2:57  Overlord  
  34  3:07  Hatchery  
  33  3:14  Drone x3  
  35  3:20  Evolution Chamber  
  34  3:28  Drone x2  
  34  3:29  Drone  
  34  3:30  Drone x3  
  40  3:35  Overlord  
  40  3:37  Drone  
  41  3:57  Spore Crawler  
  41  4:00  Zergling x6  
  41  4:01  Drone  
  41  4:02  Drone x3  
  47  4:13  Lair  
  47  4:17  Extractor  
  47  4:18  Extractor  
  45  4:32  Drone x10  
  55  4:38  Zerg Melee Weapons Level 1  
  55  4:47  Drone x3  
  55  4:51  Roach Warren  
  55  4:52  Overlord x3  
  57  4:57  Spine Crawler  
  56  5:02  Drone x2  
  54  5:10  Spore Crawler  
  54  5:11  Queen  
  46  5:25  Drone x4  
  46  5:27  Drone x2  
  46  5:28  Drone x2  
  51  5:29  Drone  
  53  5:40  Drone  
  53  5:42  Drone  
  55  5:44  Drone  
  55  5:45  Drone  
  55  5:48  Drone  
  58  5:50  Drone  
  58  5:51  Drone x2  
  62  5:57  Drone x2  
  63  6:05  Overlord, Extractor  
  63  6:07  Overlord  
  61  6:16  Queen  
  61  6:18  Drone x3  
  66  6:32  Hydralisk Den  
  65  6:33  Zerg Melee Weapons Level 2  
  65  6:34  Zergling x8  
  65  6:35  Zergling x14  
  65  6:37  Drone  
  77  6:45  Extractor  
  77  6:46  Extractor, Drone x2  
  74  7:02  Hydralisk x4  
  74  7:04  Overlord  
  82  7:17  Hydralisk x4  
  82  7:20  Overlord x3  
  82  7:21  Overlord  
  90  7:32  Overlord  
  90  7:37  Drone x6  
  96  7:53  Hydralisk x9  
  114  8:01  Drone  
  115  8:18  Evolution Chamber  
  114  8:20  Drone  
  114  8:21  Infestation Pit, Hatchery  
  114  8:22  Drone  
  113  8:39  Overlord  
  113  8:40  Overlord  
  113  8:53  Queen  
  113  8:54  Spore Crawler  
  114  9:03  Spore Crawler  
  114  9:05  Hydralisk  
  114  9:06  Hydralisk x8  
Show
View Real Time Build Order
Export as new Build Order

Psykkoz Protoss - Winner!

Build Orders: 1 Gate Expand, Oracle Opening 

Get SALT Encoding   

  12  0:01  Probe  
  13  0:13  Probe  
  14  0:20  Pylon  
  14  0:27  Probe  
  15  0:40  Gateway  
  15  0:41  Probe (Chrono Boost)  
  16  0:49  Assimilator  
  16  0:53  Probe (Chrono Boost)  
  17  0:58  Probe (Chrono Boost)  
  18  1:07  Probe  
  19  1:23  Nexus  
  19  1:28  Probe  
  20  1:35  Pylon  
  20  1:40  Probe  
  21  1:49  Cybernetics Core  
  21  1:52  Probe  
  22  1:57  Assimilator  
  22  2:05  Probe  
  23  2:17  Probe  
  23  2:21  Gateway  
  24  2:26  Adept  
  24  2:29  Probe  
  27  2:36  Stargate  
  27  2:43  Pylon  
  28  2:44  Probe (Chrono Boost)  
  28  2:45  Probe (Chrono Boost)  
  28  2:50  Warp Gate  
  29  2:56  Probe (Chrono Boost)  
  31  2:58  Probe (Chrono Boost)  
  31  3:04  Probe  
  32  3:09  Probe  
  33  3:16  Probe  
  33  3:17  Assimilator  
  34  3:20  Twilight Council  
  34  3:21  Probe  
  34  3:23  Oracle (Chrono Boost)  
  38  3:29  Probe  
  39  3:34  Shield Battery  
  39  3:38  Probe  
  40  3:42  Pylon  
  40  3:44  Probe  
  40  3:46  Assimilator  
  41  3:50  Probe  
  41  3:51  Oracle (Chrono Boost)  
  45  3:57  Probe  
  46  4:06  Gateway  
  46  4:11  Pylon  
  46  4:14  Probe x2  
  48  4:25  Gateway  
  48  4:26  Probe x2  
  50  4:38  Probe x2  
  51  4:39  Robotics Facility  
  51  4:40  Gateway  
  51  4:43  Forge, Stalker  
  54  4:50  Probe x2  
  56  5:11  Probe  
  56  5:12  Probe  
  58  5:22  Protoss Ground Weapons Level 1 (Chrono Boost)  
  58  5:24  Immortal (Chrono Boost)  
  62  5:31  Charge  
  62  5:36  Pylon  
  62  5:39  Pylon  
  62  6:00  Stalker  
  62  6:01  Pylon, Adept, Stalker x2  
  62  6:02  Adept  
  72  6:15  Nexus  
  72  6:17  Pylon  
  72  6:19  Pylon  
  72  6:23  Immortal (Chrono Boost)  
  76  6:28  Zealot x5  
  86  6:34  Pylon  
  86  6:36  Pylon  
  86  6:39  Gateway  
  86  6:41  Gateway  
  86  6:54  Immortal (Chrono Boost)  
  87  7:18  Protoss Ground Armor Level 1 (Chrono Boost)  
  87  7:19  Gateway  
  87  7:21  Gateway  
  87  7:23  Zealot x5  
  87  7:26  Observer  
  87  7:27  Probe x2  
  87  7:28  Probe  
  101  7:30  Assimilator  
  101  7:33  Blink (Chrono Boost)  
  101  7:35  Assimilator  
  101  7:41  Templar Archives, Probe x3  
  104  7:44  Warp Prism  
  106  7:57  Adept x4  
  111  8:08  Psionic Storm  
  111  8:10  Forge  
  111  8:14  Pylon  
  111  8:19  Pylon  
  111  8:33  Photon Cannon  
  111  8:34  Photon Cannon  
  111  8:36  Photon Cannon  
  111  8:37  Photon Cannon  
  111  8:53  High Templar x6  
  123  8:56  High Templar x2  
  123  8:57  Archon x3  
  123  9:00  Archon  
  127  9:06  Nexus  
  127  9:08  Pylon  
  127  9:09  Pylon  
  127  9:26  Zealot x7  
  117  9:43  Zealot  
  117  9:44  Zealot  
  113  9:48  Zealot x7  
Tags
 
Add a new tag
Caveats
  • Supply blocks, unpowered buildings, or Contaminate may cause inaccurate times.
  • Supply counts are checked every 10 seconds.